 Dungeon Sprint DCSS version 0.18-a0-1292-ge8ad84c (webtiles) character file.

2583 Kidiri the Covert (level 9, -5/46 HPs)
             Began as a Spriggan Enchanter on Feb 9, 2016.
             Was an Elder of Dithmenos.
             Slain by a killer bee (11 damage)
             ... in the Dungeon (Sprint III: "The Ten Rune Challenge").
             The game lasted 00:11:55 (1427 turns).

Kidiri the Covert (Spriggan Enchanter)              Turns: 1427, Time: 00:11:55

Health: -5/46      AC:  3    Str:  4    XL:     9   Next: 32%
Magic:  14/24      EV: 25    Int: 18    God:    Dithmenos [****..]
Gold:   38         SH:  0    Dex: 14    Spells: 7 memorised, 6 levels left

rFire  . . .     SeeInvis +     k - +1 short sword (speed)
rCold  . . .     Gourm    .     b - +1 robe
rNeg   . . .     Faith    .     (shield restricted)
rPois  .         Spirit   .     (helmet restricted)
rElec  .         Dismiss  .     (no cloak)
rCorr  .         Reflect  .     (gloves unavailable)
SustAt .         Harm     .     (boots unavailable)
MR     +....     NoTele   +     (no amulet)
Stlth  +++++++++.               (no ring)
                                (no ring)

@: lethally poisoned (-5 -> -7), wreathed by umbra, very quick, somewhat
resistant to hostile enchantments, incredibly stealthy
A: unfitting armour, see invisible, clumsy 2, herbivore 3, speed 3, slow
metabolism 2, wild magic 1
a: Shadow Step, Renounce Religion


You were in the Dungeon.
You worshipped Dithmenos.
Dithmenos was greatly pleased with you.
You were not hungry.

You visited 1 branch You collected 38 gold pieces.

Inventory:

Hand Weapons
 k - a +1 short sword of speed (weapon)
Missiles
 q - 10 throwing nets (quivered)
Armour
 b - a +1 robe (worn)
Scrolls
 j - a scroll of blinking
 l - a scroll of torment
 n - 2 scrolls of remove curse {unknown}
Potions
 a - a potion of cure mutation {unknown}
 c - a potion of might
 f - 2 potions of heal wounds
 g - 2 potions of haste
 h - 2 potions of magic
 i - 2 potions of berserk rage
 p - 3 potions of invisibility
 r - 2 potions of flight
Books
 m - a book of Enchantments

   Spells                             Type                      Level
   a - Cause Fear                     Hexes                        4
   b - Yara's Violent Unravelling     Hexes/Transmutation          5
   c - Silence                        Hexes/Air                    5
   d - Deflect Missiles               Charms/Air                   6
   e - Haste                          Charms                       6
   f - Discord                        Hexes                        8
Comestibles
 d - 2 bread rations
 o - 2 royal jellies


   Skills:
 + Level 4.6 Fighting
 * Level 9.2 Short Blades
 + Level 4.2 Armour
 * Level 11.9 Dodging
 * Level 13.0 Stealth
 * Level 10.4 Spellcasting
 + Level 3.8 Conjurations
 + Level 7.7 Hexes
 + Level 5.9 Charms
 + Level 4.5 Ice Magic
 + Level 3.2 Air Magic
 - Level 2.0 Invocations


You had 6 spell levels left.
You knew the following spells:

 Your Spells              Type           Power        Failure   Level  Hunger
a - Corona                Hex            ######.      2%          1    None
b - Ensorcelled Hibernat  Hex/Ice        #####.       3%          2    None
c - Confuse               Hex            ######..     3%          3    None
d - Tukima's Dance        Hex            ######..     3%          3    None
e - Dazzling Spray        Conj/Hex       #####...     7%          3    None
f - Cause Fear            Hex            ######....   9%          4    ###....
g - Deflect Missiles      Chrm/Air       #####.....   99%         6    ######.


Dungeon Overview and Level Annotations

Branches:
Dungeon (1/1)

Altars:
Cheibriados
Dithmenos
Elyvilon
Fedhas
Gozag
Kikubaaqudgha
Makhleb
Nemelex Xobeh
Okawaru
Pakellas
Qazlal
Ru
Sif Muna
Trog
Vehumet
Xom
Yredelemnul
Zin
The Shining One
Jiyva
Lugonu


Innate Abilities, Weirdness & Mutations

You are tiny and cannot use many weapons and most armour.
You have supernaturally acute eyesight.
You are a herbivore.
You cover ground extremely quickly.
You need consume almost no food.
You are very clumsy. (Dex -4)
Your spells are a little harder to cast, but a little more powerful.


Message History

The spray of energy hits the killer bee.
The killer bee is moderately wounded.
The killer bee is dazzled.
Your shadow mimicks your spell!
The shadow shard hits the killer bee.
The killer bee misses you.
You hear an angry buzzing noise. x2
The killer bee closely misses you.
You hear an angry buzzing noise.
The killer bee misses you.
Unknown command.
You hit the killer bee but do no damage.
The killer bee is almost dead.
The killer bee completely misses you.
You hear an angry buzzing noise.
Unknown command.
Unknown command.
You miss the killer bee.
The killer bee is almost dead.
The killer bee stings you!
You die...

__# %_# +## ..# ..# #'#
..#+###########################
..#....#.#.#)....#......'%yy≈≈#
..##.#).#.##.###@#.....y#†y%yy#
..'##)#.#.##.#.y##......#yyyy≈≈≈
..#.).#..#..##.y'y..y...#yyyyy≈≈
▓▓▓▓▓▓▓▓▓▓▓▓▓▓▓▓#.......#yyyy%%%
#.......#yyyyy%%
+.......#yyy.%%%
#.......######## ##+######


You could see 2 killer bees.

Vanquished Creatures
  Erolcha (D)
  A deep elf mage (D)
  2 redbacks (D)
  A shadow (D)
  2 hill giants (D)
  A spatial vortex (D)
  A necrophage (D)
  A water elemental (D)
  2 killer bees (D)
  A jelly (D)
  Jessica (D)
  A necromancer (D)
  A wizard (D)
  A wolf (D)
  3 humans (D)
  A kobold demonologist (D)
  2 oozes (D)
23 creatures vanquished.

Vanquished Creatures (collateral kills)
  3 two-headed ogres (D)
3 creatures vanquished.

Vanquished Creatures (others)
  2 draconian scorchers (D)
  A yaktaur (D)
  A fire drake (D)
  2 plants (D)
6 creatures vanquished.

Grand Total: 32 creatures vanquished

Notes
Turn   | Place    | Note
--------------------------------------------------------------
     0 | D        | Kidiri the Spriggan Enchanter began the quest for the Orb.
     0 | D        | Reached XP level 1. HP: 9/9 MP: 5/5
    15 | D        | Reached skill level 1 in Fighting
    15 | D        | Reached skill level 5 in Stealth
    15 | D        | Reached XP level 2. HP: 9/14 MP: 5/7
    19 | D        | Learned a level 2 spell: Ensorcelled Hibernation
    27 | D        | Killed a yaktaur
   138 | D        | Noticed Jessica
   150 | D        | Killed Jessica
   150 | D        | Reached skill level 1 in Armour
   150 | D        | Reached XP level 3. HP: 16/18 MP: 0/9
   155 | D        | Learned a level 3 spell: Confuse
   159 | D        | Learned a level 3 spell: Dazzling Spray
   191 | D        | Killed a white draconian scorcher
   201 | D        | Killed a white draconian scorcher
   346 | D        | Reached skill level 5 in Dodging
   346 | D        | Reached skill level 6 in Stealth
   346 | D        | Reached skill level 1 in Ice Magic
   434 | D        | Reached XP level 4. HP: 22/22 MP: 2/11
   441 | D        | Learned a level 3 spell: Tukima's Dance
   515 | D        | Gained mutation: You are clumsy. (Dex -2) [potion of mutation]
   515 | D        | Gained mutation: Your spells are a little harder to cast, but a little more powerful. [potion of mutation]
   515 | D        | Gained mutation: Armour fits poorly on your strangely shaped body. [potion of mutation]
   516 | D        | Gained mutation: You are very clumsy. (Dex -4) [potion of mutation]
   516 | D        | Lost mutation: Armour fits poorly on your strangely shaped body. [potion of mutation]
   535 | D        | Noticed a water elemental
   537 | D        | Killed a water elemental
   537 | D        | Reached skill level 7 in Stealth
   537 | D        | Reached skill level 5 in Spellcasting
   537 | D        | Reached skill level 1 in Conjurations
   555 | D        | Noticed a shadow
   557 | D        | Killed a shadow
   557 | D        | Reached skill level 5 in Short Blades
   557 | D        | Reached skill level 8 in Stealth
   557 | D        | Reached skill level 5 in Hexes
   557 | D        | Reached XP level 5. HP: 27/27 MP: 13/15
   557 | D        | Reached XP level 6. HP: 32/32 MP: 13/16
   561 | D        | Reached skill level 9 in Stealth
   580 | D        | Found an oddly glowing altar of Pakellas.
   580 | D        | Found a stormy altar of Qazlal.
   581 | D        | Found a sacrificial altar of Ru.
   581 | D        | Found a burning altar of Makhleb.
   581 | D        | Found a viscous altar of Jiyva.
   581 | D        | Found a shimmering altar of Xom.
   581 | D        | Found a shadowy altar of Dithmenos.
   581 | D        | Found a sparkling altar of Nemelex Xobeh.
   581 | D        | Found a corrupted altar of Lugonu.
   581 | D        | Found an opulent altar of Gozag.
   581 | D        | Noticed a spatial vortex
   585 | D        | Became a worshipper of Dithmenos the Shadowed
   869 | D        | Killed a spatial vortex
   869 | D        | Reached skill level 1 in Invocations
   987 | D        | Found a radiant altar of Vehumet.
   988 | D        | Found a deep blue altar of Sif Muna.
   988 | D        | Found an ancient bone altar of Kikubaaqudgha.
   991 | D        | Reached * piety under Dithmenos
  1012 | D        | Learned a level 6 spell: Deflect Missiles
  1021 | D        | Found an iron altar of Okawaru.
  1022 | D        | Found a bloodstained altar of Trog.
  1022 | D        | Noticed a human
  1022 | D        | Noticed a human
  1024 | D        | Killed a human
  1024 | D        | Reached skill level 10 in Stealth
  1024 | D        | Reached skill level 1 in Charms
  1024 | D        | Reached XP level 7. HP: 36/36 MP: 19/19
  1025 | D        | Killed a human
  1025 | D        | Reached skill level 1 in Air Magic
  1043 | D        | Found a glowing silver altar of Zin.
  1049 | D        | Learned a level 4 spell: Cause Fear
  1049 | D        | Found a glowing golden altar of the Shining One.
  1049 | D        | Found a white marble altar of Elyvilon.
  1049 | D        | Noticed a deep elf mage
  1056 | D        | Killed a deep elf mage
  1056 | D        | Reached skill level 10 in Dodging
  1056 | D        | Reached skill level 11 in Stealth
  1071 | D        | Found a snail-covered altar of Cheibriados.
  1072 | D        | Found a basalt altar of Yredelemnul.
  1072 | D        | Found a blossoming altar of Fedhas.
  1073 | D        | Reached ** piety under Dithmenos
  1073 | D        | Reached XP level 8. HP: 42/42 MP: 12/21
  1150 | D        | Reached *** piety under Dithmenos
  1243 | D        | Killed a fire drake
  1281 | D        | Noticed Erolcha
  1283 | D        | Killed Erolcha
  1283 | D        | Reached skill level 12 in Stealth
  1283 | D        | Reached skill level 10 in Spellcasting
  1283 | D        | Reached skill level 5 in Charms
  1283 | D        | Reached XP level 9. HP: 46/46 MP: 22/24
  1324 | D        | Reached **** piety under Dithmenos
  1404 | D        | Noticed a queen bee
  1412 | D        | Reached skill level 13 in Stealth
  1427 | D        | Slain by a killer bee

Vault maps used:
D:        dungeon_sprint_mu

Action                   |  1- 3 |  4- 6 |  7- 9 || total
-------------------------+-------+-------+-------++-------
Melee: Dagger            |    21 |    26 |     1 ||    48
       Short sword       |       |       |    28 ||    28
 Cast: Corona            |     2 |       |       ||     2
       Ensorcelled Hiber |     9 |       |     2 ||    11
       Dazzling Spray    |     1 |     9 |     2 ||    12
       Confuse           |     1 |       |     5 ||     6
       Tukima's Dance    |       |       |     7 ||     7
Invok: Shadow Step       |       |       |     1 ||     1
  Use: Scroll            |       |     3 |       ||     3
       Potion            |       |     2 |     1 ||     3
 Stab: Sleeping          |     2 |     6 |     9 ||    17
       Confused          |     3 |       |     2 ||     5
       Invisible         |       |       |     1 ||     1
